[Event "Open NK Rapid 2025 bord 26-50"]
[Site "Helmond, Netherlands"]
[Date "2025.05.03"]
[Round "8.22"]
[White "Kriens, Hans"]
[Black "Timmers, Lars"]
[Result "1-0"]
[TimeControl "15 min +5 sec increment"]
[WhiteFideId "1093665"]
[BlackFideId "1098306"]
[WhiteElo "1878"]
[BlackElo "1625"]

1. d4 d5 2. c4 e6 3. Nc3 Nf6 4. Bf4 a6 5. e3 Be7 6. h3 O-O 7. c5 b6 8. b4 Nc6 9. a3 b5 10.
Nf3 Nd7 11. Nxb5 axb5 12. Bxb5 Ncb8 13. O-O c6 14. Be2 Nf6 15. a4 Ba6 16. b5 Bc8 17. Ne5 Bb7 18. Qb3 Qc8 19. Rfb1 Ne4 20.
Nf3 Bf6 21. Bd3 Nxc5 22. dxc5 Bxa1 23. Rxa1 cxb5 24. Bxb5 Qxc5 25. Ne5 Ba6 26. Bxa6 Rxa6 27. Rb1 Qc8 28. Qb5 h6 29. Nd3 Qc4 30.
Bxb8 Qxb5 31. Rxb5 Rxa4 32. Bg3 Ra1+ 33. Kh2 Rc8 34. Rb7 f6 35. Nf4 Ra6 36. Ng6 Re8 37. h4 h5 38. Nf4 g6 1-0

[Event "Open NK Rapid 2025 bord 26-50"]
[Site "Helmond, Netherlands"]
[Date "2025.05.03"]
[Round "8.23"]
[White "Hallibert, Emilien"]
[Black "Pol, Nico"]
[Result "1-0"]
[TimeControl "15 min +5 sec increment"]
[WhiteFideId "1092561"]
[BlackFideId "1064002"]
[WhiteElo "1720"]
[BlackElo "1878"]

1. c4 Nf6 2. d4 e5 3. dxe5 Ng4 4. Nf3 Nc6 5. Bf4 Bb4+ 6.
Nc3 Bxc3+ 7. bxc3 Qe7 8. Qd5 f6 9. exf6 Nxf6 10. Qd3 d6 11. e3 Qe4 12. Be2 Bf5 13. Rd1 O-O-O 14. O-O h6 15.
Nd4 Qxd3 16. Bxd3 Bxd3 17. Rxd3 Ne5 18. Rdd1 Nxc4 19. Nf5 g5 20. Bg3 Ne4 21. Rd4 Nxg3 22. Nxg3 Ne5 23. h3 Rdf8 24.
f4 Nc6 25. Re4 Re8 26. Rxe8+ Rxe8 27. Nf5 gxf4 28. exf4 Re6 29. g4 Rf6 30. Ne3 Kd7 31. h4 Rf8 32. g5 Ne7 33. Kg2 h5 34. f5 c6 35. g6 Ng8 36.
Kg3 Nf6 37. Kf4 Ke7 38. Re1 Kd7 39. Kg5 Ne4+ 40. Kh6 Nxc3 41. g7 Rg8 42. f6 Ke6 43. Nd5+ Kxd5 1-0

[Event "Open NK Rapid 2025 bord 26-50"]
[Site "Helmond, Netherlands"]
[Date "2025.05.03"]
[Round "8.24"]
[White "Rohatgi, Kushagra"]
[Black "Zecha, Oscar"]
[Result "1-0"]
[TimeControl "15 min +5 sec increment"]
[WhiteFideId "34603212"]
[BlackFideId "1073826"]
[WhiteElo "1774"]
[BlackElo "1873"]

1. e4 d5 2. exd5 Qxd5 3. Nc3 Qd6 4. Nf3 Nf6 5. Bc4 Bg4 6. O-O Nc6 7. Re1 Nd4 8. Be2 Nxe2+ 9. Qxe2 O-O-O 10. d3 e6 11. Ne4 Qc6 12.
Ne5 Bxe2 13. Nxc6 bxc6 14. Rxe2 Nd5 15. Bd2 h6 16. Nc3 Bd6 17. Ne4 Rhe8 18. d4 f5 19. Ng3 Kd7 20. Rae1 c5 21.
c4 Nf6 22. d5 Bxg3 23. dxe6+ Kc6 24. hxg3 Ne4 25. Ba5 Rd6 26. Bc3 g5 27. Bg7 h5 28. Kh2 h4 29. gxh4 gxh4 30. Bc3 Rdxe6 31. f3 Ng5 32. Rxe6+ Rxe6 33. Rxe6+ Nxe6 34. Bf6 Nf4 35.
Bxh4 Nd3 36. Bf6 Kd6 37. g4 fxg4 38. fxg4 Ke6 39. Bc3 Kf7 40. Kg3 Kg6 41. Kf3 Kg5 42. Kg3 c6 43. a3 a6 44. b4 cxb4 45. axb4 Kg6 46. Kf3 Nc1 47. Ke4 Na2 48.
Bd2 Kf6 49. Kd3 Ke5 50. Kc2 Kd4 51. Kb2 Nxb4 1-0

[Event "Open NK Rapid 2025 bord 26-50"]
[Site "Helmond, Netherlands"]
[Date "2025.05.03"]
[Round "9.1"]
[White "Margaryan, Aren"]
[Black "Van Esch, Rob"]
[Result "1-0"]
[TimeControl "15 min +5 sec increment"]
[WhiteFideId "40105075"]
[BlackFideId "40119289"]
[WhiteElo "2054"]
[BlackElo "1860"]

1. e4 c5 2. c3 d5 3. exd5 Qxd5 4. Nf3 Nc6 5. Na3 a6 6. Nc4 Qd8 7. d3 Nf6 8. Bf4 g6 9. Qe2 e6 10.
g3 b5 11. Nce5 Bb7 12. Nxc6 Bxc6 13. Bg2 Bg7 14. O-O O-O 15. Rad1 Qb6 16. d4 c4 17. Ne5 Bxg2 18. Kxg2 Rfd8 19. Qf3 Nd5 20. Be3 Ra7 21. b3 cxb3 22.
axb3 Bxe5 23. dxe5 Nxe3+ 24. Qxe3 Qb7+ 25. Kg1 Raa8 26. Rd6 Qc7 27. Rfd1 Rdc8 28. R1d3 a5 29. Qf3 Rd8 30. Qf6 Rf8 31.
Rd7 Qc6 32. R7d6 Qe4 33. R6d4 Qf5 34. Qxf5 gxf5 35. c4 bxc4 36. Rxc4 Rfb8 37. Kg2 Rb5 38. f4 Rab8 39. Rcc3 Kf8 40.
Kh3 Ke8 41. Kh4 Rb4 42. Kh5 Kf8 43. Kh6 Re4 44. Kxh7 a4 45. bxa4 Rxa4 46. Kh6 Ra2 47. h4 Rb7 48. Rc8+ Ke7 49. Kg7 Rh2 50. Rf8 1-0

[Event "Open NK Rapid 2025 bord 26-50"]
[Site "Helmond, Netherlands"]
[Date "2025.05.03"]
[Round "9.2"]
[White "Thodam, Malte"]
[Black "Omnes, Tiago"]
[Result "1-0"]
[TimeControl "15 min +5 sec increment"]
[WhiteFideId "24687120"]
[BlackFideId "1091867"]
[WhiteElo "2044"]
[BlackElo "1813"]

1. e4 e5 2. Nf3 Nc6 3.
Bc4 Nf6 4. d3 Bc5 5. c3 d6 6. O-O O-O 7. h3 a5 8. Re1 Be6 9. Bb3 Qd7 10. d4 exd4 11. cxd4 Bxb3 12. axb3 Bb6 13.
Nc3 Rfe8 14. Bg5 Kh8 15. Bxf6 gxf6 16. Nd5 Qd8 17. Nxb6 cxb6 18. Qd2 Rg8 19. Nh4 Ne7 20. Qh6 Ng6 21.
Nf5 Rc8 22. Rac1 Rxc1 23. Rxc1 Qd7 24. h4 Qe6 25. h5 Nf8 26. f3 Qxb3 27. Rc8 Qxb2 28. g4 Qe2 29. Qxf6+ Rg7 30. Qxg7# 1-0

[Event "Open NK Rapid 2025 bord 26-50"]
[Site "Helmond, Netherlands"]
[Date "2025.05.03"]
[Round "9.3"]
[White "Klein, Ron"]
[Black "Ponomarev, Ivan"]
[Result "0-1"]
[TimeControl "15 min +5 sec increment"]
[WhiteFideId "1014668"]
[BlackFideId "34411003"]
[WhiteElo "2014"]
[BlackElo "1857"]

1. d4 Nf6 2. Nf3 g6 3. Bg5 Bg7 4. e3 O-O 5. Be2 d5 6. O-O c5 7. c3 cxd4 8. exd4 Nc6 9. Nbd2 a6 10.
Re1 b5 11. Ne5 Nxe5 12. dxe5 Nd7 13. f4 f6 14. exf6 Nxf6 15. Qb3 e6 16. a4 Qb6+ 17. Kh1 Bd7 18. axb5 axb5 19. Bf3 h6 20.
Bxf6 Bxf6 21. Rxa8 Rxa8 22. Bxd5 Re8 23. Bf3 Qd6 24. g3 Qxd2 0-1

[Event "Open NK Rapid 2025 bord 26-50"]
[Site "Helmond, Netherlands"]
[Date "2025.05.03"]
[Round "9.4"]
[White "Den Heijer, Rolinde"]
[Black "Rohatgi, Kushagra"]
[Result "1-0"]
[TimeControl "15 min +5 sec increment"]
[WhiteFideId "1068300"]
[BlackFideId "34603212"]
[WhiteElo "1991"]
[BlackElo "1774"]

1. e4 c6 2. d4 d5 3. exd5 cxd5 4. c4 e6 5. Nc3 Nf6 6.
Nf3 Be7 7. cxd5 Nxd5 8. Bd3 Nc6 9. O-O O-O 10. Bd2 b6 11. Rc1 Bb7 12. Bb1 Rc8 13. Qc2 Nf6 14. Bg5 Nb4 15. Qe2 Ba6 16. Qe3 Bxf1 17. Rxf1 h6 18. Bxf6 Bxf6 19. Ne4 Qe7 20.
Ne5 Rfd8 21. a3 Bxe5 22. dxe5 Nc2 23. Qf4 Nd4 24.
Kh1 Nf5 25. g4 Nh4 26. Nd6 Rc5 27. Qe4 Ng6 28. f4 Rf8 29. Qg2 Nh4 30. Qg3 Rd8 31. g5 hxg5 32. fxg5 Nf5 33. Bxf5 exf5 34.
Rxf5 Rf8 35. g6 fxg6 36. Qb3+ Kh7 37. Qh3+ Kg8 38. Qb3+ Kh7 39. Qh3+ Kg8 40. Rxf8+ Qxf8 41. Qe6+ Kh7 42. Qh3+ Kg8 43. Qe6+ Kh8 44.
Nf7+ Kh7 45. Ng5+ Kh6 46. Nf7+ Kh7 47. Qh3+ Kg8 48. e6 Qa8+ 49. Kg1 Rc1+ 50. Kf2 Rc2+ 51. Ke3 1-0

[Event "Open NK Rapid 2025 bord 26-50"]
[Site "Helmond, Netherlands"]
[Date "2025.05.03"]
[Round "9.5"]
[White "Neuwald, Johannes"]
[Black "Fransen, Jean-Paul"]
[Result "0-1"]
[TimeControl "15 min +5 sec increment"]
[WhiteFideId "34683240"]
[BlackFideId "40101487"]
[WhiteElo "1839"]
[BlackElo "1964"]

1. a3 g6 2. h3 Bg7 3. g3 Nf6 4. Bg2 O-O 5. d3 d5 6.
Nd2 c5 7. e3 Nc6 8. Ne2 b6 9.
b3 Bb7 10. Bb2 Qc7 11. g4 Rfe8 12. Ng3 Rad8 13. g5 Nd7 14. Bxg7 Kxg7 15. Bxd5 Qe5 16. Bf3 Qxg5 17. h4 Qf6 18.
h5 Nde5 19. hxg6 hxg6 20. Rg1 Kf8 21. Nge4 Qe6 22. Ng5 Qd6 23. Nde4 Qc7 24. Rh1 Kg8 25. Bg2 f5 26. Ne6 Qd7 27.
N4g5 Rc8 28. Rh7 Qxe6 29. Nxe6 Kxh7 30. Bh3 Nd8 31. Bxf5 Nf3+ 32. Kf1 gxf5 33. Nf4 e5 34. Nh3 Ne6 35.
e4 fxe4 36. dxe4 Bxe4 37. Qd7+ Kg6 38. Ng1 Rcd8 39. Qa4 Ned4 40. Nxf3 Bxf3 41. c3 Rh8 42. Ke1 Nc2+ 43. Kf1 Rh1# 0-1

[Event "Open NK Rapid 2025 bord 26-50"]
[Site "Helmond, Netherlands"]
[Date "2025.05.03"]
[Round "9.6"]
[White "Wilming, Auke"]
[Black "Kolijn, David"]
[Result "1-0"]
[TimeControl "15 min +5 sec increment"]
[WhiteFideId "40101096"]
[BlackFideId "1099213"]
[WhiteElo "1962"]
[BlackElo "1812"]

1. e4 c5 2. Nf3 Nc6 3.
d4 cxd4 4. Nxd4 e5 5. Nb5 d6 6. c4 Be7 7. Be2 f5 8. exf5 Bxf5 9. N1c3 a6 10. Na3 Nf6 11. O-O O-O 12. Bd3 Be6 13. h3 Kh8 14. Be3 Rc8 15.
Rc1 Nb4 16. b3 Nxd3 17. Qxd3 d5 18.
Ncb1 d4 19. Bd2 e4 20. Qe2 Bc5 21. Bg5 d3 22. Qe1 Qe7 23. Qa5 Bb4 24. Qe5 Bd6 25. Qb2 h6 26. Bd2 Rc7 27. b4 Bg8 28.
c5 Be5 29. Bc3 Bf4 1-0

[Event "Open NK Rapid 2025 bord 26-50"]
[Site "Helmond, Netherlands"]
[Date "2025.05.03"]
[Round "9.7"]
[White "Khatniuk, Anastasiia"]
[Black "Darie, Aden"]
[Result "1-0"]
[TimeControl "15 min +5 sec increment"]
[WhiteFideId "14179105"]
[BlackFideId "1094831"]
[WhiteElo "1822"]
[BlackElo "1941"]

1. e4 c5 2. Nf3 Nc6 3. Bb5 e6 4. O-O a6 5. Bxc6 bxc6 6. Re1 d5 7. exd5 cxd5 8. d4 Nf6 9. Bg5 cxd4 10.
Qxd4 Be7 11. Ne5 Bd7 12. Nd2 O-O 13. Ndf3 h6 14. Bh4 Ne8 15. Nxd7 Qxd7 16. Bxe7 Qxe7 17. Qxd5 Nf6 18. Qa5 Rfc8 19.
c3 Qb7 20. b3 Nd5 21. c4 Nb4 22. Rad1 Rc7 23. a3 Nc6 24. Qc3 a5 25. h3 Rb8 26. Re3 Qb6 27. Nd2 Ne7 28. Qe5 Ng6 29.
Qg3 Rd8 30. Rd3 Rcd7 31. Ne4 Rxd3 32. Rxd3 Rc8 33. Qd6 Qb7 34. Qd7 Qb8 35. Nd6 Rf8 36. Qb7 Qd8 37. c5 Ne5 38. Re3 Nd7 39.
b4 Nb8 40. Rf3 f5 41. Rg3 g5 42. Rd3 Qf6 43. Rd1 g4 44. hxg4 fxg4 45. Ne4 Qe5 46. bxa5 Rf7 47. Rd8+ Kg7 48.
Qxb8 Qxe4 49. Qb2+ Kg6 50. Rd1 g3 51. Qb1 gxf2+ 52. Kf1 Kf5 53. g4+ Kf4 54. Qxe4+ Kxe4 55. Rd6 e5 56. Rd2 Ke3 57. Re2+ Kd3 58. Rxe5 Ra7 59. c6 Kd4 60. Rf5 Ke3 61.
Rxf2 Rxa5 62. Rc2 Ra8 63. c7 Rc8 64. a4 Kd4 65. a5 Kd5 66. a6 Kd6 67. a7 Kd7 68.
Kg2 Ra8 69. c8=Q+ Rxc8 70. Rxc8 1-0

[Event "Open NK Rapid 2025 bord 26-50"]
[Site "Helmond, Netherlands"]
[Date "2025.05.03"]
[Round "9.8"]
[White "Wolff, Christoph"]
[Black "Timmer, Michel"]
[Result "0-1"]
[TimeControl "15 min +5 sec increment"]
[WhiteFideId "4648706"]
[BlackFideId "40104524"]
[WhiteElo "1941"]
[BlackElo "1796"]

1. e4 e5 2. Nc3 Nf6 3. f4 d5 4. fxe5 Nxe4 5. Qf3 Nc6 6.
Bb5 Nxc3 7. bxc3 Qh4+ 8. g3 Qe4+ 9. Qxe4 dxe4 10. Bxc6+ bxc6 11. Ne2 g6 12. d4 exd3 13. cxd3 Bg7 14.
Bf4 c5 15. O-O Ba6 16. c4 Rd8 17. Rad1 h6 18. h4 Bc8 19. Nc3 Bg4 20. Rd2 Be6 21. Ne4 O-O 22. Nxc5 Rd4 23. Nb3 Rd7 24.
Nc5 Rd4 25. Nxe6 fxe6 26. Rb1 Rf5 27. Rb8+ Kh7 28. Rb7 g5 29. hxg5 hxg5 30. Be3 Rg4 31. Rg2 Bxe5 32. Rxa7 Rf3 33. Bf2 Rxd3 34. Rh2+ Kg6 35. Kf1 Rxc4 36. Ke2 Rdc3 37. Rh1 Rc2+ 38.
Kf3 Rxf2+ 39. Kxf2 Bd4+ 40. Kf3 Bxa7 41. Re1 Kf5 42. Rb1 Rc3+ 43. Kg2 Rc2+ 44. Kf3 Rxa2 45. Rb5+ Kf6 46. g4 Rf2+ 47. Ke4 Rf4+ 48. Kd3 Rxg4 49. Rb7 Bb6 50. Ke2 Rb4 51.
Kf3 Kf5 52. Rb8 Rb3+ 53. Kg2 Kg4 54.
Rd8 Rb2+ 55. Kf1 e5 56. Re8 Rf2+ 57. Ke1 Rf5 58. Ke2 Kf4 59. Re6 e4 60. Rg6 g4 61. Rg8 Ra5 62. Rf8+ Ke5 63.
Re8+ Kd4 64. Rd8+ Rd5 65. Rg8 Ra5 66. Rxg4 Ra2+ 67. Kd1 Kd3 68. Kc1 Bd4 69. Rg3+ e3 0-1

[Event "Open NK Rapid 2025 bord 26-50"]
[Site "Helmond, Netherlands"]
[Date "2025.05.03"]
[Round "9.9"]
[White "Thijssen, Freek"]
[Black "Kaufmann, Thomas"]
[Result "1/2-1/2"]
[TimeControl "15 min +5 sec increment"]
[WhiteFideId "1091840"]
[BlackFideId "1084941"]
[WhiteElo "1790"]
[BlackElo "1939"]

1. e4 c5 2. Nf3 Nc6 3. d4 cxd4 4. Nxd4 e5 5. Nb5 d6 6. N1c3 a6 7. Na3 Be7 8. Nc4 b5 9. Ne3 Nf6 10.
Bd3 Nb4 11. Be2 O-O 12. a3 Nc6 13. Ned5 Be6 14. O-O Nd4 15. Nxf6+ Bxf6 16. Be3 Nxe2+ 17. Nxe2 d5 18. exd5 Bxd5 19.
Nc3 Bc4 20. Re1 g6 21. Qf3 Bg7 22. Rad1 Qc7 23. Rd2 Rad8 24. Red1 Rxd2 25. Rxd2 h6 26. Nd5 Bxd5 27. Qxd5 Rc8 28.
c3 Rb8 29. h3 a5 30. Bc5 Bf8 31. Bxf8 Kxf8 32. Re2 b4 33. Qxe5 Qxe5 34. Rxe5 bxc3 35. bxc3 Rb1+ 36. Kh2 Rb3 37.
Rxa5 Rxc3 38. Ra7 Kg7 39.
f3 h5 40. a4 Ra3 41. h4 Ra2 42. Kh3 Ra3 43. a5 Rb3 44. a6 Ra3 45. Ra8 Rb3 46. a7 Ra3 47. Kg3 Ra4 48. Kf2 Ra3 49.
g4 hxg4 50. fxg4 Kh7 51. g5 Kg7 52. Ke2 Kh7 53. Kd2 Kg7 54. Kc2 Kh7 55. Kb2 Ra6 56. Kb3 Kg7 57. Kb4 Kh7 58. Kb5 Ra1 59. Kc6 Kg7 60. Kb7 Rb1+ 61. Kc7 Rc1+ 62.
Kd6 Ra1 63. Ke5 Ra5+ 64. Kd6 Ra6+ 65. Ke7 Ra1 66. Kd6 Ra6+ 67. Ke5 1/2-1/2

[Event "Open NK Rapid 2025 bord 26-50"]
[Site "Helmond, Netherlands"]
[Date "2025.05.03"]
[Round "9.10"]
[White "Moskalets, Sofiia"]
[Black "Hallibert, Emilien"]
[Result "1/2-1/2"]
[TimeControl "15 min +5 sec increment"]
[WhiteFideId "34144293"]
[BlackFideId "1092561"]
[WhiteElo "1938"]
[BlackElo "1720"]

1. e4 c6 2. d4 d5 3. e5 c5 4. dxc5 e6 5. Be3 Nd7 6. Bb5 Ne7 7. c3 Nc6 8. Bxc6 bxc6 9. Nf3 Bxc5 10. Bxc5 Nxc5 11. O-O O-O 12. Nbd2 Ba6 13.
Re1 Nd3 14. Re3 Nxb2 15. Qc2 Rb8 16. Nd4 Qc7 17. Rh3 h6 18. f4 c5 19. N4f3 Nd3 20. Rh4 Rb2 21. Qd1 Qa5 22. c4 dxc4 23.
Ne4 c3 24. Ne1 c2 25. Nf6+ Kh8 26. Rxh6+ gxh6 27. Qh5 Kg7 28. Qg4+ Kh8 29. Qh5 Kg7 30. Qg4+ Kh8 1/2-1/2

[Event "Open NK Rapid 2025 bord 26-50"]
[Site "Helmond, Netherlands"]
[Date "2025.05.03"]
[Round "9.11"]
[White "Garay, Enzo"]
[Black "Rudman, Lev"]
[Result "1-0"]
[TimeControl "15 min +5 sec increment"]
[WhiteFideId "40104125"]
[BlackFideId "34131396"]
[WhiteElo "1933"]
[BlackElo "1684"]

1. e4 Nc6 2. Nf3 e5 3. Bb5 d6 4.
c3 h6 5.
d4 Bg4 6. dxe5 dxe5 7. Qxd8+ Rxd8 8. Nbd2 Nge7 9. Nxe5 a6 10.
Bxc6+ Nxc6 11. Nxg4 1-0

[Event "Open NK Rapid 2025 bord 26-50"]
[Site "Helmond, Netherlands"]
[Date "2025.05.03"]
[Round "9.12"]
[White "Jara Segovia, Jesus Javier"]
[Black "Teianu, Maxim"]
[Result "0-1"]
[TimeControl "15 min +5 sec increment"]
[WhiteFideId "3925439"]
[BlackFideId "40101967"]
[WhiteElo "1909"]
[BlackElo "1672"]

1. e4 e6 2. Nf3 d5 3. e5 c5 4.
b4 c4 5.
c3 a5 6.
bxa5 Rxa5 7. d4 Nc6 8. Be2 Nge7 9. O-O Ng6 10. Nfd2 Be7 11. f4 O-O 12. Bh5 b5 13. Nf3 b4 14.
cxb4 Nxb4 15. Bd2 Ra8 16. Nc3 Nd3 17. Ne1 Nxe1 18. Bxe1 Bd7 19. Qc2 Qb6 20. Ne2 Rfb8 21. Bc3 Nf8 22.
Rfb1 Qa7 23. Bg4 Rxb1+ 24. Qxb1 Rb8 25. Qc2 Ba4 26. Qd2 g6 27. h3 Nd7 28. Bf3 Nb6 29. g4 Bd7 30. Rb1 Na4 31.
Rxb8+ Qxb8 32. Kg2 Nxc3 33. Qxc3 Qb5 34. Qc2 Bd8 35. f5 exf5 36. Nc3 Qb6 37. Qd2 fxg4 38. hxg4 Qa5 39. Bxd5 Be6 40.
Bf3 Be7 41. d5 Bxg4 42. Bxg4 Bb4 43. e6 Bxc3 44. exf7+ Kxf7 45. Be6+ Kg7 46. Qe2 Qc5 47. a4 Bf6 48. a5 c3 49. Qc2 Qxa5 50. Kf3 Qb4 51. Bd7 Be5 52.
Ba4 0-1

[Event "Open NK Rapid 2025 bord 26-50"]
[Site "Helmond, Netherlands"]
[Date "2025.05.03"]
[Round "9.13"]
[White "Van Wamel, Gijs"]
[Black "Cayonlu, Arda"]
[Result "0-1"]
[TimeControl "15 min +5 sec increment"]
[WhiteFideId "40102165"]
[BlackFideId "6339786"]
[WhiteElo "1713"]
[BlackElo "1885"]

1. e4 e5 2. Nc3 Nc6 3. d3 Bb4 4.
Nge2 Nf6 5. a3 Ba5 6. Be3 d5 7. exd5 Nxd5 8. Bd2 O-O 9. Nxd5 Bxd2+ 10. Qxd2 Qxd5 11. Nc3 Qe6 12. g3 Nd4 13.
Bg2 Bd7 14. Ne4 Bc6 15. O-O f5 16. Nc5 Qg6 17. f3 b6 18. Nb3 Nxb3 19. cxb3 f4 20. g4 Qd6 21. Qc3 Bb5 22. Rac1 c5 23. Rfe1 Rfe8 24. Bf1 Qd4+ 25. Kg2 Rad8 26. Rcd1 Bc6 27.
Be2 Qd7 28. Rd2 Qxg4+ 29. Kf2 Qh4+ 30. Kg2 Rd6 31. Rg1 Rg6+ 32. Kf1 Qh3+ 0-1

[Event "Open NK Rapid 2025 bord 26-50"]
[Site "Helmond, Netherlands"]
[Date "2025.05.03"]
[Round "9.14"]
[White "Ruzaykyn, Oleksandr"]
[Black "Grooten, Herman"]
[Result "0-1"]
[TimeControl "15 min +5 sec increment"]
[WhiteFideId "1058134"]
[BlackFideId "1000330"]
[WhiteElo "1827"]
[BlackElo "2219"]

1. Nf3 Nf6 2. d4 e6 3. Bf4 b6 4. h3 Bb7 5. e3 g6 6. c4 Bg7 7. Nc3 d6 8. Rc1 Nbd7 9. b4 O-O 10.
Be2 Re8 11. O-O a5 12. b5 e5 13. Bh2 Rc8 14. Na4 Ne4 15. Ne1 exd4 16. exd4 Qf6 17. Nc2 Bh6 18. f4 Qe7 19. Bf3 f5 20.
g4 fxg4 21. hxg4 Rf8 22. g5 Bxg5 23. fxg5 Qxg5+ 24. Kh1 Rxf3 25. Rxf3 Nf2# 0-1

[Event "Open NK Rapid 2025 bord 26-50"]
[Site "Helmond, Netherlands"]
[Date "2025.05.03"]
[Round "9.15"]
[White "Kools, Thomas"]
[Black "Tetova, Amir"]
[Result "1/2-1/2"]
[TimeControl "15 min +5 sec increment"]
[WhiteFideId "1054759"]
[BlackFideId "1095838"]
[WhiteElo "2094"]
[BlackElo "1759"]

1. e4 e6 2. d3 d5 3. Qe2 dxe4 4.
dxe4 e5 5. Nc3 Nc6 6. Nf3 Bd6 7. Bd2 Bg4 8. O-O-O Qd7 9. Be3 O-O-O 10. h3 Bh5 11. Nb5 Nf6 12. Qc4 Qe7 13. Nxa7+ Nxa7 14.
Bxa7 Bb4 15. Be2 Rd6 16. Rxd6 Bxd6 17. Be3 Bg6 18. Qa4 c6 19. Nd2 Kd7 20. Rd1 Rd8 21. Bb6 Bc7 22. Bxc7 Kxc7 23.
f3 Qc5 24. b4 Qf2 25. Qa5+ Qb6 26. Qxb6+ Kxb6 27. Nc4+ Kc7 28. Rxd8 Kxd8 29. Nxe5 Nh5 30. Kd2 Nf4 31. Bf1 f6 32. Nxg6 Nxg6 33. a4 Ne5 34. c4 b6 35. Kc3 c5 36. a5 bxa5 37. bxa5 Nc6 38. a6 Kc7 39. f4 Kb6 1/2-1/2

[Event "Open NK Rapid 2025 bord 26-50"]
[Site "Helmond, Netherlands"]
[Date "2025.05.03"]
[Round "9.16"]
[White "Ten Kate, Gustav"]
[Black "Taams, Lisanne"]
[Result "0-1"]
[TimeControl "15 min +5 sec increment"]
[WhiteFideId "1095781"]
[BlackFideId "1055852"]
[WhiteElo "1800"]
[BlackElo "2078"]

1. e4 e6 2. d4 d5 3.
Nc3 dxe4 4. Nxe4 Nd7 5. Nf3 Ngf6 6. Nxf6+ Nxf6 7. Bd3 c5 8. dxc5 Bxc5 9. O-O O-O 10.
Bg5 h6 11. Bh4 g5 12. Bg3 Qb6 13. Qd2 Nh7 14. c3 f5 15. Be5 Rf7 16. Rae1 Bd7 17. h4 Be7 18. Bd4 Bc5 19. Ne5 Bxd4 20.
Nxf7 Kxf7 21. cxd4 Qxd4 22. hxg5 Nxg5 23. Qc3 Nf3+ 24. gxf3 Rg8+ 0-1

[Event "Open NK Rapid 2025 bord 26-50"]
[Site "Helmond, Netherlands"]
[Date "2025.05.03"]
[Round "9.17"]
[White "Becx, Cesar"]
[Black "Blok, Lukas"]
[Result "1-0"]
[TimeControl "15 min +5 sec increment"]
[WhiteFideId "1001183"]
[BlackFideId "40110494"]
[WhiteElo "2075"]
[BlackElo "1741"]

1. f4 d6 2. Nf3 Nf6 3. d3 g6 4. e4 Bg7 5. g3 O-O 6. Bg2 c5 7. O-O Nc6 8. Nc3 e5 9.
f5 a6 10. Nh4 Ne8 11. fxg6 fxg6 12. Be3 Be6 13. Qd2 Nd4 14. Nd5 Bxd5 15. exd5 Bf6 16. c3 Nb5 17. Bh6 Ng7 18. Nf3 Nc7 19.
c4 Rb8 20. Ng5 Nf5 21. Ne4 Bg7 22. Bxg7 Kxg7 23. Rf2 b5 24. b3 bxc4 25. dxc4 Qe7 26. Raf1 Nd4 27. g4 Rxf2 28. Qxf2 Re8 29.
Qf6+ Qxf6 30. Rxf6 Rd8 31. Rxd6 Rxd6 32. Nxd6 Ne2+ 33. Kf2 Nf4 34. Be4 h5 35. gxh5 Nxh5 36. Nb7 Nf6 37. Nxc5 Nxe4+ 38. Nxe4 Kf7 39. Kg3 Ne8 40. Kg4 Ng7 41.
c5 Ke7 42. Kg5 Nf5 43. Kxg6 Ne3 44. d6+ Ke6 45. h4 Nd5 46.
h5 Nf4 47. Kg5 Kd5 48. d7 Kxe4 49. h6 Ne6+ 50. Kf6 Kd5 51. h7 Nf8 52. d8=Q+ 1-0

[Event "Open NK Rapid 2025 bord 26-50"]
[Site "Helmond, Netherlands"]
[Date "2025.05.03"]
[Round "9.18"]
[White "Van Baaren, Joris"]
[Black "Husers, Yannic"]
[Result "0-1"]
[TimeControl "15 min +5 sec increment"]
[WhiteFideId "40108929"]
[BlackFideId "1043587"]
[WhiteElo "1796"]
[BlackElo "2002"]

1. e4 e5 2. Nf3 Nc6 3. Bb5 f5 4. d3 fxe4 5. dxe4 Nf6 6. O-O d6 7. Re1 Be7 8. h3 O-O 9. Bc4+ Kh8 10.
c3 Qe8 11. a4 Nh5 12. Nbd2 Qg6 13. Kh1 Nf4 14. Bf1 Be6 15. Ng1 Rf7 16. Ndf3 Bc4 17. Bxf4 Bxf1 18. Rxf1 Rxf4 19. Nd2 Raf8 20.
f3 Nd8 21. Qe1 Ne6 22. Ne2 R4f6 23. Nc4 Qh6 24. Ng3 Qg5 25. Ne3 g6 26. Ng4 R6f7 27. Qe3 Nf4 28. Ne2 h5 29. Nxf4 hxg4 30.
Nd5 Qxe3 31. Nxe3 gxf3 32. g4 Bg5 33. Rae1 Kg7 34. b4 Rh8 35. Nd5 Rxh3+ 36. Kg1 c6 37. Ne3 f2+ 0-1

[Event "Open NK Rapid 2025 bord 26-50"]
[Site "Helmond, Netherlands"]
[Date "2025.05.03"]
[Round "9.19"]
[White "Jansz, Wilfred"]
[Black "Rogozyanskiy, Alexander"]
[Result "0-1"]
[TimeControl "15 min +5 sec increment"]
[WhiteFideId "40107353"]
[BlackFideId "1092138"]
[WhiteElo "1996"]
[BlackElo "1726"]

1. e4 c6 2. d4 d5 3. Nc3 dxe4 4. Nxe4 Nf6 5. Ng5 Bg4 6. N1f3 h6 7. Nxf7 Bxf3 8. Qxf3 Kxf7 9. Bc4+ e6 10. O-O Qxd4 11. Qb3 Qb6 12.
Bxe6+ Ke7 13. Qc4 Nbd7 14. Be3 Qb5 15. Rfe1 Qxc4 16. Bxc4 b5 17. Bf4+ Kd8 18. Bf7 Kc8 19. Re6 Kb7 20.
Rd1 Nd5 21. Bg3 N7f6 22. b3 b4 23. Be5 Nc7 24. Bxf6 Nxe6 25. Rd7+ Kb6 26. Be5 Ng5 27. Bc7+ Kb7 28. Be5+ Kb6 29.
Bc7+ Kb7 30. Bc4 Re8 31. Be5+ Kc8 32. Rc7+ Kd8 33. f4 Rxe5 0-1

[Event "Open NK Rapid 2025 bord 26-50"]
[Site "Helmond, Netherlands"]
[Date "2025.05.03"]
[Round "9.20"]
[White "Mau-Asam, LÃ©on"]
[Black "Schleipfenbauer, Bent"]
[Result "0-1"]
[TimeControl "15 min +5 sec increment"]
[WhiteFideId "40105890"]
[BlackFideId "1048759"]
[WhiteElo "1795"]
[BlackElo "1992"]

1. d4 d5 2. c4 c6 3. Nc3 Nf6 4. e3 e6 5. Nf3 Nbd7 6. Bd3 dxc4 7. Bxc4 b5 8. Bb3 b4 9. Ne2 Bb7 10. Ng3 Bd6 11.
O-O O-O 12. Bc2 c5 13. dxc5 Nxc5 14. Rb1 Rc8 15. b3 Nce4 16. Qd3 Nxg3 0-1

[Event "Open NK Rapid 2025 bord 26-50"]
[Site "Helmond, Netherlands"]
[Date "2025.05.03"]
[Round "9.22"]
[White "Cakmak, Metehan Tugra"]
[Black "Hoornstra, Hans"]
[Result "1-0"]
[TimeControl "15 min +5 sec increment"]
[WhiteFideId "44583885"]
[BlackFideId "1036076"]
[WhiteElo "1787"]
[BlackElo "1976"]

1. e4 c5 2. Nf3 Nc6 3.
d4 cxd4 4. Nxd4 e5 5. Nf3 Nf6 6.
Bd3 d5 7. exd5 Nxd5 8. O-O Be7 9. Re1 f6 10. c3 Be6 11. Qc2 g6 12. Be3 Kf7 13. Nbd2 Ndb4 14. cxb4 Nxb4 15. Bxg6+ hxg6 16.
Qa4 b5 17. Qxb5 Nc2 18. b3 Qd5 19. Qe2 e4 20. Nd4 Qe5 21. f4 exf3 22. N2xf3 Qxe3+ 23. Qxe3 Nxe3 24. Rxe3 Bc5 1-0

[Event "Open NK Rapid 2025 bord 26-50"]
[Site "Helmond, Netherlands"]
[Date "2025.05.03"]
[Round "9.23"]
[White "Ganeshram, Nirupa"]
[Black "Frederiks, Jesse"]
[Result "0-1"]
[TimeControl "15 min +5 sec increment"]
[WhiteFideId "1083031"]
[BlackFideId "1095790"]
[WhiteElo "1679"]
[BlackElo "1937"]

1. e4 e5 2. Nf3 Nc6 3.
d4 exd4 4. Bc4 Nf6 5. e5 Ne4 6. Qe2 Bb4+ 7.
Bd2 Nxd2 8. Nbxd2 O-O 9. O-O Bxd2 10. Qxd2 d5 11. Bb5 Be6 12. Bxc6 bxc6 13. Nxd4 c5 14. Nb3 Qe7 15. f4 d4 16.
Rae1 g6 17. Qa5 Bxb3 18. axb3 Rfd8 19. Qd2 Rab8 20. Qe2 Rb6 21. f5 Qg5 22. e6 fxe6 23. fxe6 Qe3+ 24. Qxe3 dxe3 25. e7 Re8 26. Rxe3 Rd6 27. Rfe1 Rd7 28.
Kf2 Kf7 29. Rf3+ Kg7 30. Rfe3 Kf7 31.
Kf3 Rdxe7 32. Rxe7+ Rxe7 33. Rxe7+ Kxe7 34. Kf4 Kf6 35. h4 h6 36. Ke4 c6 37. g4 g5 38. hxg5+ hxg5 39. c3 a5 40. b4 cxb4 41. cxb4 axb4 42. Kd4 Ke6 43. Kc5 b3 44.
Kxc6 Ke5 45. Kc5 Kf4 46. Kc4 Kxg4 47. Kxb3 Kh4 48. Kc4 g4 49. b4 g3 50. b5 g2 51. b6 g1=Q 52. Kb5 Qg8 53. Kc6 Qb8 0-1